 Dungeon Crawl Stone Soup version 0.28.0 (webtiles) character file.

Game seed: 7716517489413698957

3147 browni3141 the Cleaver (level 9, -11/123 HPs)
             Began as a Minotaur Berserker on Feb 16, 2022.
             Was a Priest of Trog.
             Mangled by a two-headed ogre (15 damage)
             ... on level 7 of the Dungeon.
             The game lasted 00:02:59 (5373 turns).

browni3141 the Cleaver (Minotaur Berserker)         Turns: 5373, Time: 00:02:59

Health: -11/123    AC: 10    Str: 26    XL:     9   Next: 62%
Magic:  8/8        EV:  9    Int:  4    God:    Trog [***...]
Gold:   457        SH:  5    Dex: 10    Spells: 8/8 levels left

rFire   . . .      SeeInvis .   n - +0 war axe
rCold   . . .      Faith    .   m - +0 buckler
rNeg    . . .      Spirit   .   j - +0 chain mail
rPois   .          Reflect  .   (helmet restricted)
rElec   .          Harm     .   (no cloak)
rCorr   .          Rampage  .   (no gloves)
Will    .....                   (no boots)
Stlth   ..........              u - amulet of regeneration
HPRegen 1.10/turn               (no ring)
MPRegen 0.11/turn               (no ring)

@: berserking, very quick
A: horns 2, retaliatory headbutt
a: Renounce Religion, Berserk, Trog's Hand


You were on level 7 of the Dungeon.
You worshipped Trog.
Trog was most pleased with you.
You visited 1 branch of the dungeon, and saw 7 of its levels.

You collected 457 gold pieces.

Inventory:

Hand Weapons
 a - a +0 hand axe
 n - a +0 war axe (weapon)
Missiles
 t - 2 throwing nets (quivered)
Armour
 b - a +0 animal skin
 j - a +0 chain mail (worn)
 m - a +0 buckler (worn)
Jewellery
 u - an amulet of regeneration (around neck)
Wands
 w - a wand of flame (26)
Scrolls
 c - 5 scrolls of identify {unknown}
 d - 5 scrolls of magic mapping {unknown}
 g - 3 scrolls of teleportation {unknown}
 k - a scroll of summoning {unknown}
 q - a scroll of fear {unknown}
 r - a scroll of brand weapon {unknown}
 s - a scroll of blinking {unknown}
 v - a scroll of acquirement {unknown}
 x - a scroll of silence {unknown}
 y - a scroll of enchant weapon {unknown}
Potions
 e - 2 potions of lignification {unknown}
 f - 3 potions of mutation {unknown}
 h - 2 potions of cancellation {unknown}
 i - 3 potions of attraction {unknown}
 l - a potion of flight {unknown}
 o - 2 potions of curing {unknown}
 p - 4 potions of degeneration {unknown}


   Skills:
 + Level 8.5 Fighting
 * Level 10.7 Axes
 + Level 8.1 Armour
 - Level 2.1 Dodging
 + Level 6.4 Shields


You had 8 spell levels left.
You didn't know any spells.
Your spell library was empty.

Dungeon Overview and Level Annotations

Branches:
Dungeon (7/15)             Temple (0/1) D:4

Altars:
Zin
The Shining One

Shops:
D:2 :


Innate Abilities, Weirdness & Mutations

You have a pair of horns on your head.
You reflexively headbutt those who attack you in melee.


Message History

The two-headed ogre hits you with a +0 giant spiked club!
The killer bee zombie closely misses you.
The cyclops throws a large rock.
The large rock hits you!!
You barely miss the killer bee zombie.
Your headbutt misses the killer bee zombie.
The killer bee zombie is heavily damaged.
You slash the two-headed ogre! You barely miss the two-headed ogre.
The killer bee zombie hits you. The two-headed ogre barely misses you.
The two-headed ogre hits you with a +0 giant spiked club!!
* * * LOW HITPOINT WARNING * * *
You are too injured to fight recklessly!
You are too injured to fight recklessly!
You are too injured to fight recklessly!
You barely miss the two-headed ogre. You headbutt the two-headed ogre!
The two-headed ogre is heavily wounded.
You hit the two-headed ogre. You slash the killer bee zombie!
You destroy the killer bee zombie!
Trog accepts your kill.
You hit the iguana.
The two-headed ogre hits you with a +0 giant club!!
* * * LOW HITPOINT WARNING * * *
The two-headed ogre hits you with a +0 giant club.
* * * LOW HITPOINT WARNING * * *
The iguana barely misses you.
Unknown command.
You barely miss the two-headed ogre.
The two-headed ogre is heavily wounded.
You slash the two-headed ogre! You slash the iguana!
You block the two-headed ogre's attack.
The two-headed ogre hits you but does no damage.
Unknown command.
You slice the two-headed ogre!! You headbutt the two-headed ogre!
You kill the two-headed ogre!
Trog accepts your kill.
You barely miss the iguana. You slash the two-headed ogre!
You block the iguana's attack.
The two-headed ogre hits you with a +0 giant club!
* * * LOW HITPOINT WARNING * * *
The two-headed ogre hits you with a +0 giant club!
You die...

..# #.. #/#
###..
..###.#.#
........#
.......)##
#.@#
#Cl.O......
#............
#.###........#
# ..........
##........#
.........#
#....#...#


You could see a two-headed ogre, a cyclops and an iguana.

Vanquished Creatures
  A two-headed ogre (D:7)
  The ghost of enile the Fighter, a novice OgAE of Dithmenos (D:6)
  Grinder (D:5)
  Sigmund (D:2)
  Eustachio (D:6)
  Duvessa (D:5)
  3 black bears
  An ice beast (D:6)
  2 ogres
  A necrophage (D:4)
  5 centaurs
  A phantom (D:5)
  A bullfrog (D:6)
  2 scorpions
  3 water moccasin skeletons
  Dowan (D:5)
  3 howler monkeys (D:6)
  2 centaur zombies (D:6)
  A bullfrog zombie (D:5)
  3 hounds
  An orc priest (D:6)
  An iguana (D:6)
  An orc wizard (D:5)
  2 killer bee zombies
  A hound skeleton (D:2)
  6 adders
  An ufetubus (D:7)
  2 adder skeletons (D:4)
  2 dart slugs
  13 orcs
  4 endoplasms
  4 giant cockroaches
  10 goblins
  10 hobgoblins
  7 jackals
  2 quokkas
  3 ball pythons
  2 bats
  4 frilled lizards
  5 kobolds
  5 rats
121 creatures vanquished.

Vanquished Creatures (others)
  A white imp (D:6)
  A bush (D:6)
  A fungus (D:1)
  3 plants (D:1)
  6 toadstools (D:6)
12 creatures vanquished.

Grand Total: 133 creatures vanquished

Notes
Turn   | Place    | Note
-------+----------+-------------------------------------------
     0 | D:1      | browni3141 the Minotaur Berserker began the quest for the
                  | Orb.
     0 | D:1      | Reached XP level 1. HP: 19/19 MP: 0/0
   398 | D:1      | Reached XP level 2. HP: 27/27 MP: 1/1
   409 | D:1      | Reached skill level 4 in Axes
   552 | D:1      | Found a faded altar of an unknown god.
   923 | D:2      | Found Zosmargh's Book Shop.
  1015 | D:2      | Reached XP level 3. HP: 31/33 MP: 2/2
  1052 | D:2      | Found a glowing silver altar of Zin.
  1448 | D:2      | Reached ** piety under Trog
  1448 | D:2      | Noticed Sigmund
  1457 | D:2      | Killed Sigmund
  1458 | D:2      | Reached skill level 5 in Fighting
  1458 | D:2      | Reached skill level 5 in Axes
  1458 | D:2      | Reached XP level 4. HP: 42/42 MP: 3/3
  1458 | D:2      | Reached XP level 5. HP: 48/48 MP: 4/4
  2352 | D:3      | Reached skill level 1 in Shields
  2352 | D:3      | Reached XP level 6. HP: 38/56 MP: 5/5
  2612 | D:4      | Reached skill level 6 in Axes
  2612 | D:4      | Reached skill level 5 in Armour
  2732 | D:4      | Found a staircase to the Ecumenical Temple.
  2765 | D:4      | Reached XP level 7. HP: 61/63 MP: 6/6
  2969 | D:4      | You fall into a shaft and drop 2 floors!
  2969 | D:6      | Found a runed translucent gate.
  2969 | D:6      | Found a runed translucent gate.
  2969 | D:6      | Found a runed translucent gate.
  2972 | D:6      | Noticed enile's ghost (novice OgAE)
  2977 | D:6      | Reached skill level 7 in Axes
  2979 | D:6      | Reached *** piety under Trog
  3179 | D:6      | Reached XP level 8. HP: 71/71 MP: 7/7
  3276 | D:5      | Entered Level 5 of the Dungeon
  3549 | D:5      | Reached skill level 8 in Axes
  4010 | D:5      | Noticed Grinder
  4027 | D:5      | Killed Grinder
  4135 | D:5      | Noticed Dowan
  4136 | D:5      | Noticed Duvessa
  4142 | D:5      | Killed Dowan
  4151 | D:5      | Killed Duvessa
  4236 | D:5      | Reached skill level 9 in Axes
  4422 | D:5      | Reached skill level 5 in Shields
  4850 | D:6      | Found a glowing golden altar of the Shining One.
  4856 | D:6      | Noticed Eustachio
  4869 | D:6      | Killed Eustachio
  4870 | D:6      | Reached XP level 9. HP: 66/80 MP: 8/8
  5209 | D:6      | Killed enile's ghost
  5210 | D:6      | Reached skill level 10 in Axes
  5295 | D:7      | Noticed a cyclops
  5301 | D:7      | Noticed a two-headed ogre
  5362 | D:7      | Noticed a two-headed ogre
  5373 | D:7      | Killed a two-headed ogre
  5373 | D:7      | HP: 4/123 [two-headed ogre (9)]
  5373 | D:7      | Mangled by a two-headed ogre

Illustrated notes

Levels and vault maps discovered:
D:1:      scummos_arrival_gate, layout_basic,
          shapermc_ecumenical_altar_mp_ritualfount
D:2:      kennysheep_big_flooded_room, layout_basic, basic_altar, serial_shops,
          shop, uniq_sigmund
D:3:      layout_rooms, kennysheep_doodads
D:4:      layout_loops_ring, minmay_temple_entry_statues_pillars, ldierk_geyser,
          minmay_goblin_kobold_house
D:5:      layout_basic, uniq_grinder, uniq_duvessa
D:6:      cheibrodos_fertilizer, layout_loops_cross,
          nicolae_hepliaklqana_ecumenical_no_more, tso_metal_star,
          gammafunk_ghost_split, kb_lookout_dungeons_type, uniq_edmund,
          uniq_eustachio
D:7:      layout_cave_pools, gammafunk_ghost_nasty_kobolds, minmay_manual_maat,
          uniq_crazy_yiuf_cottage

Skill      XL: |  1  2  3  4  5  6  7  8  9 |
---------------+----------------------------+-----
Axes           | 4 5 6 7 9 10 | 10.7
Fighting       | 4 5 6 7 8 |  8.5
Armour         | 3 4 5 6 7 8 |  8.1
Shields        | 1 2 3 5 6 |  6.4
Dodging        | |  2.1

Action                   |  1- 3 |  4- 6 |  7- 9 || total
-------------------------+-------+-------+-------++-------
Melee: Hand axe          |    74 |    36 |       ||   110
       Headbutt          |     8 |     9 |    30 ||    47
       Punch             |     1 |       |       ||     1
       War axe           |       |    35 |   177 ||   212
Invok: Berserk           |     1 |       |     6 ||     7
       Trog's Hand       |       |       |     1 ||     1
Armor: Animal skin       |     2 |       |       ||     2
       Chain mail        |    15 |    44 |   105 ||   164
Dodge: Dodged            |    33 |    39 |   103 ||   175
Block: Buckler           |       |     9 |    54 ||    63
